 Dungeon Crawl Stone Soup version 0.20.1-1-g8b1a95d (console) character file.

177 hilaritas the Slasher (level 5, -3/37 HPs)
             Began as an Octopode Fighter on Jan 22, 2018.
             Slain by hilaritas's ghost (17 damage)
             ... on level 3 of the Dungeon.
             The game lasted 00:07:57 (2879 turns).

hilaritas the Slasher (Octopode Fighter)            Turns: 2879, Time: 00:07:58

Health: -3/37      AC:  1    Str: 16    XL:     5   Next: 57%
Magic:  5/5        EV: 11    Int: 11    God:
Gold:   183        SH:  0    Dex: 11    Spells: 4/4 levels left

rFire    . . .     SeeInvis .   a - +0 long sword
rCold    . . .     Gourm    .   b - +0 shield
rNeg     . . .     Faith    .   (helmet restricted)
rPois    .         Spirit   .   (no amulet)
rElec    .         Reflect  .   k - ring of resist corrosion
rCorr    +         Harm     .   (no ring)
MR       .....                  (no ring)
Stlth    ++........             (no ring)
Regen    0.2/turn               (no ring)
MPRegen  0.1/turn               (no ring)
                                (no ring)
                                (no ring)

@: confused
A: almost no armour, stealthy swim, amphibious, 8 rings, constrict 8, camouflage
1, gelatinous body 1
a: no special abilities


You were on level 3 of the Dungeon.
You were not hungry.

You visited 1 branch of the dungeon, and saw 3 of its levels.

You collected 183 gold pieces.

Inventory:

Hand Weapons
 a - a +0 long sword (weapon)
 l - a +0 falchion
 m - a +0 dagger of venom
Armour
 b - a +0 shield (worn)
Jewellery
 k - a ring of resist corrosion (left tentacle)
Scrolls
 q - a scroll of amnesia
Potions
 c - 2 potions of might
 i - a potion of heal wounds
 j - a potion of magic
 n - a potion of agility
 p - 2 potions of curing
Comestibles
 d - 4 bread rations
 f - 6 chunks of flesh
 g - 2 fruits
 h - 2 meat rations
 o - 2 royal jellies


   Skills:
 * Level 3.8 Fighting
 * Level 4.1 Long Blades
 - Level 3.0 Dodging
 * Level 2.3 Stealth
 * Level 3.7 Shields


You had 4 spell levels left.
You didn't know any spells.

Dungeon Overview and Level Annotations

Branches:
Dungeon (3/15)

Altars:

Annotations:
D:3 hilaritas's ghost, amateur FeFi


Innate Abilities, Weirdness & Mutations

You cannot wear most types of armour.
You are very stealthy in the water. (Stealth+)
You are amphibious.
You can wear up to eight rings at the same time.
You can use your tentacles to constrict eight enemies at once.
Your skin changes colour to match your surroundings (Stealth+).
Your rubbery body absorbs attacks. (AC +1, EV +1)


Message History

You miss hilaritas's ghost. Hilaritas's ghost hits you.
You hit hilaritas's ghost.
Hilaritas's ghost is lightly damaged.
Hilaritas's ghost hits you. You block hilaritas's ghost's attack.
You hit hilaritas's ghost. Your squeeze misses hilaritas's ghost.
Hilaritas's ghost is moderately damaged.
You block hilaritas's ghost's attack.
You closely miss hilaritas's ghost. Your squeeze misses hilaritas's ghost.
Hilaritas's ghost is moderately damaged.
Hilaritas's ghost hits you.
You barely miss hilaritas's ghost.
Hilaritas's ghost is moderately damaged.
Hilaritas's ghost barely misses you. Hilaritas's ghost hits you!!
* * * LOW HITPOINT WARNING * * *
You are confused.
You feel invigorated. Hilaritas's ghost hits you.
You miss hilaritas's ghost. You squeeze hilaritas's ghost!
Hilaritas's ghost is severely damaged.
Hilaritas's ghost hits you!
You die...

###.........###......#..#
.'......(..'...)........
#.........###.....##..#
#.......## #.........#
##.....## #####.#####
##...## #..# ##'## ##.#
#.# .# #.# .# ##.## #..@#
#...†W...... ##...#.##...
##.##.# ... . ##.# ## #.#
#.# #.# #.# ######## #(#
#......#


You could see hilaritas's ghost.

Vanquished Creatures
  An orc priest (D:3)
  4 adders
  4 worms
  3 dart slugs
  5 leopard geckos
  An orc (D:3)
  4 giant cockroaches
  4 goblins
  10 hobgoblins
  12 jackals
  A quokka (D:2)
  7 bats
  8 frilled lizards
  12 kobolds
  8 rats
84 creatures vanquished.

Vanquished Creatures (others)
  2 plants (D:1)
2 creatures vanquished.

Grand Total: 86 creatures vanquished

Notes
Turn   | Place    | Note
-------+----------+-------------------------------------------
     0 | D:1      | hilaritas the Octopode Fighter began the quest for the Orb.
     0 | D:1      | Reached XP level 1. HP: 16/16 MP: 1/1
    90 | D:1      | Reached XP level 2. HP: 20/21 MP: 2/2
   280 | D:1      | Reached skill level 1 in Stealth
   389 | D:1      | Reached XP level 3. HP: 26/26 MP: 3/3
  1058 | D:1      | Reached skill level 3 in Long Blades
  1421 | D:2      | Reached XP level 4. HP: 31/31 MP: 4/4
  2140 | D:2      | Reached XP level 5. HP: 37/37 MP: 5/5
  2443 | D:3      | Reached skill level 4 in Long Blades
  2871 | D:3      | Noticed hilaritas's ghost (amateur FeFi)
  2879 | D:3      | Slain by hilaritas's ghost

Skill      XL: |  1  2  3  4  5 |
---------------+----------------+-----
Stealth        | 1 2 |  2.3
Long Blades    | 3 4 |  4.1
Fighting       | |  3.8
Dodging        | |  3.0
Shields        | |  3.7

Action                   |  1- 3 |  4- 6 || total
-------------------------+-------+-------++-------
Melee: Long sword        |    72 |    75 ||   147
       Constrict         |    24 |    22 ||    46
       Tentacles         |    10 |    16 ||    26
  Use: Scroll            |     2 |     8 ||    10
       Potion            |       |     1 ||     1
 Stab: Sleeping          |     9 |     8 ||    17
       Distracted        |       |     1 ||     1
  Eat: Chunk             |     1 |     5 ||     6
Armor: Skin              |     4 |     1 ||     5
Dodge: Dodged            |    36 |    23 ||    59
Block: Shield            |    38 |    19 ||    57
       Rpst.: Long sword |    18 |     7 ||    25
